AoeStats
← jairogut

Arabia

510609900Analyzed
2v2 RM · 19h ago on Oct 1, 2026· 47m 21s· 4 players
Game mode
Random Map
Map size
Medium (4 player)
Population
200
Speed
Normal
Resources
Standard
Victory
Conquest
Starting age
Dark Age
Ending age
Imperial Age
RankedLock teamsTeams togetherTeam positionsShared explorationLock speedFull tech treeHidden civsTurbo modeCheats
Victory
Defeat
🇨🇴 Teutons · Colombia
1258
+16
🇷🇺 Khmer · Russia
1240
+16
🇩🇪 Ethiopians · Germany
1257
-16
1251
-16
privalovivan99
6:14 Loom
11:30 Feudal Age
15:30 Castle Age
17:47 Husbandry
27:08 Scale Barding Armor
28:02 Wheelbarrow
28:15 Horse Collar
28:22 Double-Bit Axe
28:54 Bloodlines
30:11 Chain Barding Armor
30:45 Forging
33:10 Iron Casting
36:09 Imperial Age
35:05 Gold Mining
37:25 Plate Barding Armor
36:30 Elite Battle Elephant
39:13 Blast Furnace
38:43 Stone Mining
43:25 Tusk Swords
44:29 Gold Shaft Mining
44:10 Fletching
44:17 Light Cavalry
45:57 Bodkin Arrow
47:12 Stone Shaft Mining
jairogut
5:05 Loom
10:43 Feudal Age
11:21 Double-Bit Axe
15:30 Scale Barding Armor
16:26 Forging
22:24 Castle Age
21:25 Fletching
22:30 Bloodlines
23:27 Chain Barding Armor
24:08 Iron Casting
37:16 Wheelbarrow
36:27 Town Watch
39:11 Bow Saw
40:28 Bodkin Arrow
46:34 Imperial Age
45:18 Scale Mail Armor
47:27 Chain Mail Armor
IPQOM
7:13 Loom
9:45 Feudal Age
10:43 Double-Bit Axe
15:52 Fletching
24:20 Castle Age
23:09 Padded Archer Armor
25:01 Bodkin Arrow
24:27 Crossbowman
31:00 Wheelbarrow
36:28 Ballistics
39:44 Imperial Age
40:24 Bracer
Tymi-jan_Rowsänbürger
7:35 Loom
9:48 Feudal Age
10:54 Double-Bit Axe
18:51 Wheelbarrow
22:06 Castle Age
20:07 Gold Mining
21:15 Bloodlines
24:21 Bow Saw
28:05 Scale Barding Armor
28:12 Forging
28:07 Husbandry
30:09 Hand Cart
29:58 Horse Collar
36:54 Heavy Plow
42:44 Imperial Age
43:48 Chain Barding Armor
44:04 Iron Casting
43:16 Cavalier
47:08 Plate Barding Armor
Connection lost

Rejoining the realm…

Still unreachable

The connection could not be restored.

Session expired

The server has moved on; the page needs a fresh start.